AoeStats
← Bornvibe

Arabia

508813767Analyzed
1v1 RM · 7d ago on Sep 24, 2026· 39m 51s· 2 players
Game mode
Random Map
Map size
Tiny (2 player)
Population
200
Speed
Normal
Resources
Standard
Victory
Conquest
Starting age
Dark Age
Ending age
Imperial Age
RankedLock teamsTeams togetherTeam positionsShared explorationLock speedFull tech treeHidden civsTurbo modeCheats
Victory
Defeat
🇦🇺 Lithuanians · Australia
826
+14
🇵🇱 Varangians · Poland
777
-14
JulBurn
8:18 Loom
11:01 Feudal Age
13:36 Bloodlines
22:01 Castle Age
24:22 Double-Bit Axe
24:54 Stone Mining
27:19 Squires
28:55 Horse Collar
31:01 Wheelbarrow
31:20 Scale Mail Armor
32:53 Town Watch
34:08 Forging
35:12 Hand Cart
36:13 Heavy Plow
36:57 Vendel Legacy
Bornvibe
11:36 Feudal Age
10:02 Loom
12:27 Double-Bit Axe
15:20 Wheelbarrow
14:28 Horse Collar
18:20 Castle Age
16:32 Loom
19:59 Squires
20:38 Pikeman
26:09 Scale Mail Armor
26:20 Forging
28:31 Bloodlines
28:04 Man-at-Arms
29:20 Husbandry
33:30 Scale Barding Armor
34:58 Iron Casting
40:38 Imperial Age
39:42 Chain Barding Armor
Connection lost

Rejoining the realm…

Still unreachable

The connection could not be restored.

Session expired

The server has moved on; the page needs a fresh start.